[Event "NOR-ch Elite 2019"]
[Site "Larvik"]
[Date "2019.07.05"]
[Round "1.2"]
[White "Mihajlov, Sebastian"]
[Black "Tari, Aryan"]
[Result "0-1"]
[ECO "A50"]
[WhiteElo "2375"]
[BlackElo "2620"]
[Annotator "RC"]
[PlyCount "152"]
[EventDate "2019.07.05"]
[EventType "swiss"]
[EventCountry "NOR"]
[SourceTitle "playchess.com"]
[Source "ChessBase"]
[SourceQuality "1"]
[TimeControl "40/5400+30:1800+30"]

1. d4 Nf6 2. c4 b6 3. Nc3 Bb7 4. Qc2 d5 5. cxd5 Nxd5 6. Nxd5 Qxd5 7. Nf3 e6 8. e3 Nd7 9. Bd3 Bb4+ 10. Bd2 Bxd2+ 11. Qxd2 c5 12. O-O cxd4 13. exd4 O-O 14. a3 Rad8 15. Rfe1 Nf6 16. Rad1 Rd7 17. Bf1 Rc8 18. Rc1 Rxc1 19. Rxc1 Qd6 20. Qe3 Nd5 21. Qe5 f6 22. Qxd6 Rxd6 23. Nd2 Kf8 24. g3 Ke7 25. Bg2 Kd8 26. f4 Ba6 27. Kf2 Ne7 28. Nf3 Nf5 29. Rd1 Bc4 30. Rd2 Bd5 31. Bh3 Ne7 32. Bg2 Nc6 33. Ke3 Na5 34. Rc2 Nb3 35. Rc3 Bxf3 36. Bxf3 Nxd4 37. Be4 h6 38. Rc4 Nb3 39. Rc3 Nd4 40. Rc4 Nb3 41. Rc3 Nc5 42. Bc2 Na6 43. Be4 Nc7 44. Rc4 Kd7 45. f5 e5 46. Bf3 Kd8 47. a4 Rd7 48. Bc6 Rd1 49. b4 h5 50. Rh4 Ke7 51. Rxh5 Rd4 52. Rh7 Rxb4 53. Rxg7+ Kd6 54. Be4 Rb3+ 55. Ke2 Rb2+ 56. Kf3 Rxh2 57. Rg6 Ne8 58. Bd3 Ke7 59. Bb5 Nd6 60. Rg7+ Kf8 61. Rxa7 e4+ 62. Ke3 Rg2 63. Rd7 Rxg3+ 64. Ke2 Nxf5 65. Bc4 Rg2+ 66. Ke1 Rg7 67. Rd8+ Ke7 68. Rb8 Rg1+ 69. Kf2 Rg4 70. Bb5 Rf4+ 71. Ke1 Nd4 72. Rxb6 e3 73. Rb8 Rh4 74. Kf1 Rh1+ 75. Kg2 Re1 76. Bc4 Rc1 0-1

[Event "NOR-ch Elite 2019"]
[Site "Larvik"]
[Date "2019.07.05"]
[Round "1.3"]
[White "Urkedal, Frode Olav Olsen"]
[Black "Stokke, Kjetil"]
[Result "1-0"]
[ECO "B09"]
[WhiteElo "2566"]
[BlackElo "2336"]
[Annotator "ChessBase"]
[PlyCount "75"]
[EventDate "2019.07.05"]
[EventType "swiss"]
[EventCountry "NOR"]
[SourceTitle "playchess.com"]
[Source "ChessBase"]
[SourceQuality "1"]
[TimeControl "40/5400+30:1800+30"]

1. d4 d6 2. e4 Nf6 3. Nc3 g6 4. f4 Bg7 5. Nf3 O-O 6. a3 Nc6 7. Be2 Bg4 8. d5 Nb8 9. h3 Bxf3 10. Bxf3 c6 11. O-O Nbd7 12. Kh1 Qc7 13. Qe2 Rfe8 14. Be3 Nb6 15. dxc6 bxc6 16. Rad1 e6 17. Bc1 d5 18. Qf2 Rab8 19. g4 Nc4 20. b3 Nb6 21. Bd2 Nc8 22. Bg2 Nxe4 23. Nxe4 dxe4 24. Bxe4 Nd6 25. Bg2 Nb5 26. Qc5 Bf8 27. Qf2 Bxa3 28. c4 Nd6 29. Bc3 Qb6 30. Qh4 Qd8 31. Bf6 Qa5 32. Ra1 Rec8 33. Qh6 Ne8 34. Be7 Ng7 35. Rxa3 Qc3 36. Rxa7 Ra8 37. Rxa8 Rxa8 38. Qh4 1-0

[Event "NOR-ch Elite 2019"]
[Site "Larvik"]
[Date "2019.07.05"]
[Round "1.4"]
[White "Tryggestad, Andreas Garberg"]
[Black "Christiansen, Johan-Sebastian"]
[Result "1-0"]
[ECO "E01"]
[WhiteElo "2336"]
[BlackElo "2548"]
[Annotator "RC"]
[PlyCount "97"]
[EventDate "2019.07.05"]
[EventType "swiss"]
[EventCountry "NOR"]
[SourceTitle "playchess.com"]
[Source "ChessBase"]
[SourceQuality "1"]
[TimeControl "40/5400+30:1800+30"]

1. d4 Nf6 2. c4 e6 3. Nf3 d5 4. Nc3 c6 5. g3 dxc4 6. Bg2 Nbd7 7. e4 b5 8. O-O Bb7 9. e5 Nd5 10. Ng5 h6 11. Nxe6 fxe6 12. Qh5+ Ke7 13. Bg5+ hxg5 14. Qxh8 N7b6 15. Ne4 Kd7 16. Qh5 Qe8 17. Qxg5 Qf7 18. Rac1 Qf5 19. Qd2 a5 20. f4 Kc7 21. Ng5 Bb4 22. Qe2 Bc8 23. g4 Nxf4 24. Qf3 Ne2+ 25. Qxe2 Qxg5 26. Rf7+ Bd7 27. Rcf1 Bd2 28. Rd1 Be3+ 29. Kh1 Rh8 30. h3 Nd5 31. Qf3 b4 32. Qe2 Nb6 33. Qf3 Nd5 34. Qe2 Qg6 35. Rf3 Qxg4 36. Re1 Bg5 37. Qxc4 Nf4 38. Qf1 c5 39. d5 Nxd5 40. Qa6 Bc6 41. Qa7+ Bb7 42. Rf7+ Be7 43. Rxe7+ Nxe7 44. Qxb7+ Kd8 45. Qb6+ Kd7 46. Qd6+ Kc8 47. Qxc5+ Kd7 48. Qd6+ Ke8 49. Qb8+ 1-0

[Event "NOR-ch Elite 2019"]
[Site "Larvik"]
[Date "2019.07.05"]
[Round "1.5"]
[White "Lie, Kjetil A."]
[Black "Vestby-Ellingsen, Mads"]
[Result "1/2-1/2"]
[ECO "D04"]
[WhiteElo "2538"]
[BlackElo "2335"]
[Annotator "ChessBase"]
[PlyCount "81"]
[EventDate "2019.07.05"]
[EventType "swiss"]
[EventCountry "NOR"]
[SourceTitle "playchess.com"]
[Source "ChessBase"]
[SourceQuality "1"]
[TimeControl "40/5400+30:1800+30"]

1. d4 Nf6 2. Nf3 d5 3. e3 Bf5 4. Bd3 Bg6 5. O-O e6 6. c4 c6 7. Qc2 Nbd7 8. Nbd2 Be7 9. b3 O-O 10. Bb2 c5 11. Bxg6 hxg6 12. dxc5 Bxc5 13. Rfd1 Qe7 14. Rac1 Bb4 15. cxd5 Nxd5 16. Nc4 b5 17. Nce5 Nxe5 18. Nxe5 Qb7 19. Qc6 Qb6 20. Qc2 Qb7 21. Qe4 Rfd8 22. Nc6 Nf6 23. Bxf6 gxf6 24. Qf3 Ba3 25. Nxd8 Qxf3 26. gxf3 Bxc1 27. Nxf7 Bxe3 28. fxe3 Kxf7 29. Rd7+ Kg8 30. Kf2 a5 31. Rb7 Rc8 32. Kg3 Rc2 33. Rxb5 Rxa2 34. Rb6 Kf7 35. Rb7+ Kg8 36. e4 e5 37. h4 a4 38. bxa4 Rxa4 39. Kg4 Ra1 40. Kg3 Rg1+ 41. Kh2 1/2-1/2

[Event "NOR-ch Elite 2019"]
[Site "Larvik"]
[Date "2019.07.05"]
[Round "1.6"]
[White "Moen, Andreas G.R."]
[Black "Notkevich, Benjamin Arvola"]
[Result "1/2-1/2"]
[ECO "A85"]
[WhiteElo "2322"]
[BlackElo "2497"]
[Annotator "RC"]
[PlyCount "111"]
[EventDate "2019.07.05"]
[EventType "swiss"]
[EventCountry "NOR"]
[SourceTitle "playchess.com"]
[Source "ChessBase"]
[SourceQuality "1"]
[TimeControl "40/5400+30:1800+30"]

1. d4 d5 2. c4 c6 3. Nf3 e6 4. e3 Bd6 5. Nc3 f5 6. Be2 Nf6 7. Ne5 O-O 8. O-O Bxe5 9. dxe5 Ne4 10. Na4 dxc4 11. f3 Ng5 12. b3 b5 13. Qxd8 Rxd8 14. Nc5 Rd5 15. Ba3 Na6 16. Nxa6 Bxa6 17. bxc4 bxc4 18. h4 Rxe5 19. Kf2 Nf7 20. Rfc1 Rd8 21. Bxc4 Ra5 22. Bb4 Ra4 23. Bxa6 Rxa6 24. a3 Ne5 25. Ke2 Rd5 26. Rc3 Rb6 27. Rac1 a5 28. Bc5 Rb2+ 29. R1c2 Rxc2+ 30. Rxc2 Nd7 31. Ba7 c5 32. e4 fxe4 33. fxe4 Rd6 34. Rc3 Rd4 35. Kf3 Ne5+ 36. Ke3 Nc4+ 37. Kf4 e5+ 38. Kf5 g6+ 39. Kf6 Rd6+ 40. Ke7 Rd4 41. Bxc5 Rxe4 42. Ke6 Rxh4 43. Be7 Rd4 44. Rb3 g5 45. Bf6 Rd6+ 46. Kf5 Rb6 47. Rxb6 Nxb6 48. Bxe5 Nc4 49. Bc3 a4 50. Bb4 Ne3+ 51. Kxg5 Nxg2 52. Bd2 Kf7 53. Kg4 Ke6 54. Kg3 Kd5 55. Kxg2 Kc6 56. Bb4 1/2-1/2

[Event "NOR-ch Elite 2019"]
[Site "Larvik"]
[Date "2019.07.05"]
[Round "1.7"]
[White "Hauge, Lars Oskar"]
[Black "Risting, Eivind Olav"]
[Result "1-0"]
[ECO "B23"]
[WhiteElo "2476"]
[BlackElo "2314"]
[Annotator "ChessBase"]
[PlyCount "63"]
[EventDate "2019.07.05"]
[EventType "swiss"]
[EventCountry "NOR"]
[SourceTitle "playchess.com"]
[Source "ChessBase"]
[SourceQuality "1"]
[TimeControl "40/5400+30:1800+30"]

1. e4 c5 2. Nc3 Nc6 3. f4 g6 4. Nf3 Bg7 5. Bb5 Nd4 6. O-O Nxb5 7. Nxb5 d5 8. e5 Qb6 9. Nc3 d4 10. Ne4 Nh6 11. b3 Qc6 12. d3 O-O 13. Qe1 Bg4 14. Nh4 Be6 15. Bd2 Bd5 16. f5 Ng4 17. e6 Ne3 18. f6 exf6 19. Nxf6+ Bxf6 20. Rxf6 Bxe6 21. Bxe3 dxe3 22. Qxe3 Qd5 23. Raf1 Kg7 24. R6f2 Rae8 25. Qg3 b6 26. Nf3 h6 27. Ne5 Qd4 28. Kh1 Bd5 29. Rxf7+ Bxf7 30. Rxf7+ Kh8 31. Nxg6+ Kg8 32. Ne5+ 1-0

[Event "NOR-ch Elite 2019"]
[Site "Larvik"]
[Date "2019.07.05"]
[Round "1.8"]
[White "Skrondal, Inge Sandstad"]
[Black "Holm, Kristian Stuvik"]
[Result "0-1"]
[ECO "A81"]
[WhiteElo "2312"]
[BlackElo "2469"]
[Annotator "ChessBase"]
[PlyCount "61"]
[EventDate "2019.07.05"]
[EventType "swiss"]
[EventCountry "NOR"]
[SourceTitle "playchess.com"]
[Source "ChessBase"]
[SourceQuality "1"]
[TimeControl "40/5400+30:1800+30"]

1. d4 f5 2. g3 Nf6 3. Bg2 g6 4. c3 Bg7 5. Qb3 Nc6 6. Nh3 b6 7. Bxc6 dxc6 8. Bf4 h6 9. Be5 g5 10. f4 g4 11. Nf2 Qd7 12. h3 gxh3 13. Rxh3 Ba6 14. Nd2 O-O-O 15. e3 c5 16. O-O-O Rhg8 17. dxc5 Be2 18. c6 Qxc6 19. Re1 Ba6 20. e4 Nxe4 21. Ndxe4 Bxe5 22. fxe5 fxe4 23. Nxe4 Bd3 24. Nd2 Bf5 25. Rh2 Rxg3 26. Qc4 Qg6 27. Qf4 Qg5 28. Rf1 Bd3 29. Qxg5 hxg5 30. Re1 Bf5 31. e6 0-1

[Event "NOR-ch Elite 2019"]
[Site "Larvik"]
[Date "2019.07.05"]
[Round "1.9"]
[White "Haldorsen, Benjamin"]
[Black "Vitenberg, Noam Aviv"]
[Result "1-0"]
[ECO "A13"]
[WhiteElo "2444"]
[BlackElo "2300"]
[Annotator "NA"]
[PlyCount "74"]
[EventDate "2019.07.05"]
[EventType "swiss"]
[EventCountry "NOR"]
[SourceTitle "playchess.com"]
[Source "ChessBase"]
[SourceQuality "1"]
[TimeControl "40/5400+30:1800+30"]

1. c4 e6 2. g3 d5 3. Nf3 Nf6 4. Bg2 d4 5. O-O c5 6. e3 Nc6 7. exd4 cxd4 8. Re1 Bd6 9. d3 h6 10. Nbd2 O-O 11. Ne4 Nxe4 12. Rxe4 e5 13. c5 Bxc5 14. Nxe5 Nxe5 15. Rxe5 Qb6 16. Qh5 Bd6 17. Rb5 Qa6 18. a4 Re8 19. Bd5 Re1+ 20. Kg2 Re7 21. Bxh6 gxh6 22. Qg6+ Kf8 23. Qxh6+ Ke8 24. Qh8+ Kd7 25. Qxd4 Kd8 26. Qh8+ Re8 27. Qf6+ Be7 28. Qxf7 Rf8 29. Qh5 Qf6 30. Qe2 a6 31. Rb3 Bh3+ 32. Kg1 Bc5 33. d4 Qxd4 34. Bf3 Bd7 35. Rd1 Qxa4 36. Rxb7 Bd4 37. b3 Qc6 1-0

[Event "NOR-ch Elite 2019"]
[Site "Larvik"]
[Date "2019.07.05"]
[Round "1.10"]
[White "Ingebretsen, Jens E"]
[Black "Elsness, Frode"]
[Result "0-1"]
[ECO "E06"]
[WhiteElo "2276"]
[BlackElo "2436"]
[Annotator "NA"]
[PlyCount "50"]
[EventDate "2019.07.05"]
[EventType "swiss"]
[EventCountry "NOR"]
[SourceTitle "playchess.com"]
[Source "ChessBase"]
[SourceQuality "1"]
[TimeControl "40/5400+30:1800+30"]

1. c4 e6 2. g3 d5 3. Bg2 Nf6 4. Nf3 c5 5. O-O Be7 6. d4 O-O 7. dxc5 Bxc5 8. Qc2 Bb6 9. Bf4 Nc6 10. Nc3 Qe7 11. Ne5 Nxe5 12. Bxe5 Ng4 13. Bf4 d4 14. Ne4 e5 15. Bg5 f6 16. Bd2 Be6 17. c5 Bc7 18. Bb4 f5 19. Nd6 e4 20. Nxb7 Bxg3 21. hxg3 Qxb7 22. Ba3 Qf7 23. Bh3 Qh5 24. Bxg4 fxg4 25. f4 e3 0-1

[Event "NOR-ch Elite 2019"]
[Site "Larvik"]
[Date "2019.07.05"]
[Round "1.11"]
[White "Haug, Johannes"]
[Black "Ranaldi, Lucas"]
[Result "1/2-1/2"]
[ECO "E18"]
[WhiteElo "2431"]
[BlackElo "2262"]
[Annotator "NA"]
[PlyCount "81"]
[EventDate "2019.07.05"]
[EventType "swiss"]
[EventCountry "NOR"]
[SourceTitle "playchess.com"]
[Source "ChessBase"]
[SourceQuality "1"]
[TimeControl "40/5400+30:1800+30"]

1. d4 Nf6 2. c4 e6 3. Nf3 b6 4. g3 Bb7 5. Bg2 Be7 6. Nc3 Ne4 7. Bd2 f5 8. O-O O-O 9. Ne5 Nxc3 10. Bxc3 Bxg2 11. Kxg2 d5 12. Qd3 Bf6 13. Rfd1 c6 14. Rac1 Bxe5 15. dxe5 Na6 16. f3 Nc5 17. Qe3 Na6 18. cxd5 cxd5 19. Bd4 Qe7 20. Rc3 Rfc8 21. Rdc1 Qd7 22. a3 Rxc3 23. Qxc3 Re8 24. b4 Re7 25. a4 Qb7 26. b5 Nc7 27. Qe3 Ne8 28. Rc6 h6 29. g4 fxg4 30. fxg4 Qd7 31. Bc3 Nc7 32. Qd4 Rf7 33. Bb4 Qd8 34. Bd2 Qh4 35. h3 h5 36. Rc1 Kh8 37. Be3 Kg8 38. Bf2 Qg5 39. Be3 Qh4 40. Bf2 Qg5 41. Be3 1/2-1/2

[Event "NOR-ch Elite 2019"]
[Site "Larvik"]
[Date "2019.07.05"]
[Round "1.12"]
[White "Altarbosh, Ward"]
[Black "Mikalsen, Erlend"]
[Result "0-1"]
[ECO "B66"]
[WhiteElo "2202"]
[BlackElo "2404"]
[Annotator "NA"]
[PlyCount "45"]
[EventDate "2019.07.05"]
[EventType "swiss"]
[EventCountry "NOR"]
[SourceTitle "playchess.com"]
[Source "ChessBase"]
[SourceQuality "1"]
[TimeControl "40/5400+30:1800+30"]

1. e4 c5 2. Nf3 d6 3. d4 cxd4 4. Nxd4 Nf6 5. Nc3 Nc6 6. Bg5 e6 7. Qd2 a6 8. O-O-O h6 9. Be3 Bd7 10. f4 b5 11. a3 Nxd4 12. Qxd4 Bc6 13. Be2 Qc7 14. Bf3 Be7 15. g4 Nd7 16. Kb1 a5 17. h4 b4 18. axb4 axb4 19. Qxb4 O-O 20. Rd3 Nc5 21. Bxc5 dxc5 22. Qc4 Rfb8 23. Ne2 0-1

[Event "NOR-ch Elite 2019"]
[Site "Larvik"]
[Date "2019.07.05"]
[Round "1.13"]
[White "Getz, Nicolai"]
[Black "Andersen, Alf Roger"]
[Result "1/2-1/2"]
[ECO "A11"]
[WhiteElo "2377"]
[BlackElo "2149"]
[Annotator "NA RC"]
[PlyCount "112"]
[EventDate "2019.07.05"]
[EventType "swiss"]
[EventCountry "NOR"]
[SourceTitle "playchess.com"]
[Source "ChessBase"]
[SourceQuality "1"]
[TimeControl "40/5400+30:1800+30"]

1. Nf3 d5 2. g3 Bg4 3. Bg2 c6 4. d3 Nd7 5. O-O Ngf6 6. c4 e6 7. cxd5 cxd5 8. Nc3 Bd6 9. h3 Bh5 10. e4 O-O 11. Qe2 Bc5 12. g4 Bg6 13. Nh4 Nxe4 14. Nxe4 dxe4 15. Nxg6 hxg6 16. Qxe4 Nf6 17. Qxb7 Qxd3 18. Bf4 Nd5 19. Bh2 Rad8 20. Kh1 Bb6 21. Qc6 Rc8 22. Qa4 Qc2 23. Qa3 Bxf2 24. Bd6 Bc5 25. Bxc5 Qxc5 26. Qxc5 Rxc5 27. Rfc1 Rfc8 28. Rxc5 Rxc5 29. Rd1 Kf8 30. Bxd5 exd5 31. b4 Rb5 32. Rd4 a5 33. bxa5 Rxa5 34. a4 Ke7 35. Kg2 Ke6 36. Rb4 Ra7 37. Kf3 Ke5 38. h4 f6 39. Ke3 f5 40. g5 Ra6 41. Rb7 Rxa4 42. Re7+ Kd6 43. Rxg7 Rxh4 44. Rxg6+ Ke5 45. Rg8 d4+ 46. Kf3 Rf4+ 47. Ke2 Ke6 48. Rg6+ Ke5 49. Rg8 Re4+ 50. Kf3 Rf4+ 51. Ke2 Rg4 52. Kf3 Ke6 53. Rg6+ Kd5 54. Rg8 d3 55. g6 Ke6 56. Rd8 Rxg6 {[%emt 0:00:18] Ke4 Ke5+} 1/2-1/2

[Event "NOR-ch Elite 2019"]
[Site "Larvik"]
[Date "2019.07.06"]
[Round "2.2"]
[White "Tari, Aryan"]
[Black "Haldorsen, Benjamin"]
[Result "1/2-1/2"]
[ECO "B36"]
[WhiteElo "2620"]
[BlackElo "2444"]
[Annotator "RC"]
[PlyCount "113"]
[EventDate "2019.07.05"]
[EventType "swiss"]
[EventCountry "NOR"]
[SourceTitle "playchess.com"]
[Source "ChessBase"]
[SourceQuality "1"]
[TimeControl "40/5400+30:1800+30"]

1. e4 c5 2. Nf3 g6 3. c4 Nc6 4. d4 cxd4 5. Nxd4 Nf6 6. Nc3 d6 7. Be2 Nxd4 8. Qxd4 Bg7 9. Be3 O-O 10. Qd2 a5 11. O-O a4 12. Bd4 Qa5 13. Rad1 Bd7 14. Qe3 Rfc8 15. Bxf6 Bxf6 16. Nd5 Be6 17. b4 axb3 18. Nxf6+ exf6 19. axb3 Qc5 20. Rd4 Ra3 21. Rfd1 f5 22. exf5 Bxf5 23. Qc3 Qe5 24. Bf3 b5 25. Qb4 Qc5 26. Qxb5 Bc2 27. Qxc5 dxc5 28. Rd8+ Rxd8 29. Rxd8+ Kg7 30. h4 Bxb3 31. Bd5 Ra4 32. Rd7 Bxc4 33. Rxf7+ Kh8 34. Bxc4 Rxc4 35. g3 Rd4 36. Rc7 Rd5 37. Kg2 h5 38. Kf3 Rf5+ 39. Ke3 Re5+ 40. Kd3 Rf5 41. f4 Rd5+ 42. Ke4 Rd4+ 43. Ke5 Rd3 44. Kf6 Rxg3 45. Rc8+ Kh7 46. Rc7+ Kh8 47. Rxc5 Rg4 48. Rc7 Kg8 49. Rg7+ Kh8 50. Rxg6 Rxf4+ 51. Kg5 Rg4+ 52. Kxh5 Rxg6 53. Kxg6 Kg8 54. h5 Kh8 55. h6 Kg8 56. h7+ Kh8 57. Kh6 1/2-1/2

[Event "NOR-ch Elite 2019"]
[Site "Larvik"]
[Date "2019.07.06"]
[Round "2.3"]
[White "Elsness, Frode"]
[Black "Urkedal, Frode Olav Olsen"]
[Result "1/2-1/2"]
[ECO "A13"]
[WhiteElo "2436"]
[BlackElo "2566"]
[Annotator "ChessBase"]
[PlyCount "99"]
[EventDate "2019.07.05"]
[EventType "swiss"]
[EventCountry "NOR"]
[SourceTitle "playchess.com"]
[Source "ChessBase"]
[SourceQuality "1"]
[TimeControl "40/5400+30:1800+30"]

1. c4 Nf6 2. g3 e6 3. Nf3 d5 4. b3 d4 5. e3 c5 6. exd4 cxd4 7. Bg2 Nc6 8. O-O Be7 9. Re1 O-O 10. Ne5 Nxe5 11. Rxe5 Qc7 12. Re1 e5 13. Ba3 Re8 14. Qc2 Bd7 15. Bxe7 Rxe7 16. d3 Bc6 17. Nd2 Bxg2 18. Kxg2 Nd5 19. Qb2 Nb4 20. Qb1 Qc6+ 21. f3 f5 22. a3 Qh6 23. Re2 Nc6 24. b4 Rae8 25. c5 Kh8 26. Nc4 Qh5 27. Qf1 a6 28. Rae1 f4 29. Re4 Qg5 30. Qf2 h5 31. Kh1 Rf8 32. Qg2 fxg3 33. hxg3 Qf6 34. Rf1 Qg6 35. Qh3 Kg8 36. Nd6 Qg5 37. Re2 Nd8 38. Ne4 Qg6 39. Rh2 Rf5 40. g4 Rf8 41. Qxh5 Qxh5 42. Rxh5 g6 43. Rh4 Ne6 44. Rf2 Rh7 45. Rxh7 Kxh7 46. Nd6 Nf4 47. Rd2 Nd5 48. Rf2 Nf4 49. Rd2 Nd5 50. Rf2 1/2-1/2

[Event "NOR-ch Elite 2019"]
[Site "Larvik"]
[Date "2019.07.06"]
[Round "2.4"]
[White "Mikalsen, Erlend"]
[Black "Hauge, Lars Oskar"]
[Result "0-1"]
[ECO "C67"]
[WhiteElo "2404"]
[BlackElo "2476"]
[Annotator "ChessBase"]
[PlyCount "92"]
[EventDate "2019.07.05"]
[EventType "swiss"]
[EventCountry "NOR"]
[SourceTitle "playchess.com"]
[Source "ChessBase"]
[SourceQuality "1"]
[TimeControl "40/5400+30:1800+30"]

1. e4 e5 2. Nf3 Nc6 3. Bb5 Nf6 4. O-O Nxe4 5. d4 Nd6 6. Bxc6 dxc6 7. dxe5 Nf5 8. Qxd8+ Kxd8 9. Nc3 Be7 10. h3 Nh4 11. Nxh4 Bxh4 12. Be3 h5 13. Rad1+ Ke8 14. Ne2 Be7 15. Nd4 h4 16. f4 Rh5 17. f5 Bc5 18. e6 fxe6 19. fxe6 Re5 20. Rf3 Ke7 21. Rf7+ Ke8 22. Rf3 Ke7 23. Bf2 Bxe6 24. Bxh4+ g5 25. Bf2 Rd8 26. Rfd3 Bxd4 27. Bxd4 Red5 28. c4 R5d7 29. Bc5+ Ke8 30. Rxd7 Rxd7 31. Rxd7 Kxd7 32. Bxa7 b6 33. c5 b5 34. b4 Kc8 35. Kf2 Kb7 36. Ke3 Kxa7 37. Kd4 Kb7 38. Ke5 Bxa2 39. Kf6 Bd5 40. g3 Bg2 41. h4 gxh4 42. gxh4 Bf3 43. Kg5 Kc8 44. h5 Kd7 45. h6 Be4 46. Kf6 Ke8 0-1

[Event "NOR-ch Elite 2019"]
[Site "Larvik"]
[Date "2019.07.06"]
[Round "2.5"]
[White "Notkevich, Benjamin Arvola"]
[Black "Tryggestad, Andreas Garberg"]
[Result "1-0"]
[ECO "A38"]
[WhiteElo "2497"]
[BlackElo "2336"]
[Annotator "ChessBase"]
[PlyCount "101"]
[EventDate "2019.07.05"]
[EventType "swiss"]
[EventCountry "NOR"]
[SourceTitle "playchess.com"]
[Source "ChessBase"]
[SourceQuality "1"]
[TimeControl "40/5400+30:1800+30"]

1. c4 Nf6 2. Nf3 c5 3. Nc3 d5 4. cxd5 Nxd5 5. g3 Nc6 6. Bg2 g6 7. O-O Bg7 8. Nxd5 Qxd5 9. d3 O-O 10. Be3 Bd7 11. d4 cxd4 12. Nxd4 Qh5 13. Nxc6 Bxc6 14. Bxc6 bxc6 15. Qc2 Qa5 16. Rfd1 Rfd8 17. a3 Rab8 18. Rxd8+ Qxd8 19. Rd1 Qc7 20. b3 a5 21. a4 h5 22. Rd3 h4 23. Qd1 Qb7 24. Bc5 Bf6 25. Qd2 Qc7 26. Qe3 Rd8 27. Bb6 Rxd3 28. Bxc7 Rxe3 29. fxe3 Bc3 30. gxh4 Kg7 31. Kg2 Kf6 32. Kf3 e5 33. Kg4 Ke6 34. e4 Bd2 35. Kf3 f5 36. exf5+ Kxf5 37. e4+ Kf6 38. Ke2 Bb4 39. Kd3 Ke6 40. Kc4 Kf6 41. Bb6 Ke6 42. Be3 Kd6 43. Kd3 c5 44. Kc4 Kc6 45. Bf2 Bd2 46. Bxc5 Bf4 47. h3 Bg3 48. Be7 Be1 49. Bd8 Bd2 50. Bf6 Bf4 51. Bg5 {[%emt 0:00:49] Kd5+} 1-0

[Event "NOR-ch Elite 2019"]
[Site "Larvik"]
[Date "2019.07.06"]
[Round "2.6"]
[White "Ranaldi, Lucas"]
[Black "Lie, Kjetil A."]
[Result "1/2-1/2"]
[ECO "E91"]
[WhiteElo "2262"]
[BlackElo "2538"]
[Annotator "ChessBase"]
[PlyCount "53"]
[EventDate "2019.07.05"]
[EventType "swiss"]
[EventCountry "NOR"]
[SourceTitle "playchess.com"]
[Source "ChessBase"]
[SourceQuality "1"]
[TimeControl "40/5400+30:1800+30"]

1. Nf3 Nf6 2. c4 g6 3. Nc3 Bg7 4. e4 d6 5. d4 O-O 6. Be2 Bg4 7. Be3 Nfd7 8. Ng1 Bxe2 9. Ngxe2 c5 10. O-O cxd4 11. Nxd4 Nc6 12. Rc1 Nc5 13. b3 Nxd4 14. Bxd4 Bh6 15. Rc2 Ne6 16. Nd5 Nxd4 17. Qxd4 Bg7 18. Qd3 e6 19. Ne3 Qb6 20. Rd2 Rfd8 21. Kh1 a5 22. a4 Ra6 23. f4 Re8 24. Re2 Qd4 25. Qxd4 Bxd4 26. Rd1 Bc5 27. g3 1/2-1/2

[Event "NOR-ch Elite 2019"]
[Site "Larvik"]
[Date "2019.07.06"]
[Round "2.7"]
[White "Andersen, Alf Roger"]
[Black "Haug, Johannes"]
[Result "0-1"]
[ECO "A21"]
[WhiteElo "2149"]
[BlackElo "2431"]
[Annotator "NA"]
[PlyCount "96"]
[EventDate "2019.07.05"]
[EventType "swiss"]
[EventCountry "NOR"]
[SourceTitle "playchess.com"]
[Source "ChessBase"]
[SourceQuality "1"]
[TimeControl "40/5400+30:1800+30"]

1. c4 e5 2. Nc3 Bb4 3. g3 Bxc3 4. dxc3 d6 5. Bg2 Ne7 6. Nf3 Nbc6 7. e4 Be6 8. Nd2 Qd7 9. h3 O-O 10. Qe2 a6 11. Nf1 Rab8 12. Ne3 b5 13. Nd5 Na5 14. cxb5 axb5 15. b3 Nac6 16. Be3 f5 17. O-O-O fxe4 18. Bxe4 Bxd5 19. Bxd5+ Nxd5 20. Rxd5 Ne7 21. Rdd1 c6 22. Qg4 Qxg4 23. hxg4 Nd5 24. Rxd5 cxd5 25. Rd1 Kf7 26. Rxd5 Ke6 27. Rd1 Ra8 28. Kb2 Ra6 29. a3 Rfa8 30. Ra1 Kd5 31. f3 h6 32. Rd1+ Ke6 33. Ra1 Rf8 34. Rf1 Rf7 35. b4 g5 36. Kb3 Ra8 37. f4 gxf4 38. gxf4 Rg8 39. Rh1 exf4 40. Rxh6+ Kd5 41. Rh5+ Kc6 42. Bf2 Rxg4 43. c4 bxc4+ 44. Kxc4 Rg2 45. b5+ Kb7 46. Bd4 f3 47. Rh1 f2 48. Rf1 Rf4 0-1

[Event "NOR-ch Elite 2019"]
[Site "Larvik"]
[Date "2019.07.06"]
[Round "2.8"]
[White "Vestby-Ellingsen, Mads"]
[Black "Getz, Nicolai"]
[Result "1/2-1/2"]
[ECO "B07"]
[WhiteElo "2335"]
[BlackElo "2377"]
[Annotator "RC"]
[PlyCount "151"]
[EventDate "2019.07.05"]
[EventType "swiss"]
[EventCountry "NOR"]
[SourceTitle "playchess.com"]
[Source "ChessBase"]
[SourceQuality "1"]
[TimeControl "40/5400+30:1800+30"]

1. d4 d6 2. e4 Nf6 3. Nc3 g6 4. Bg5 Bg7 5. Qd2 h6 6. Bh4 g5 7. Bg3 Nh5 8. O-O-O Nc6 9. Nge2 Bd7 10. f3 Nxg3 11. hxg3 e6 12. Kb1 a6 13. d5 Ne5 14. Nd4 Qf6 15. f4 Ng6 16. dxe6 fxe6 17. e5 dxe5 18. fxg5 hxg5 19. Rxh8+ Bxh8 20. Nf3 O-O-O 21. Ne4 Qe7 22. Nfxg5 Bg7 23. Bc4 Nf8 24. Qe2 Bc6 25. Rh1 Bd5 26. c3 Nd7 27. Bd3 Nf6 28. Nxf6 Bxf6 29. Ne4 Kb8 30. Rf1 Bg7 31. Bc2 Qe8 32. Ng5 Qc6 33. Rd1 Rf8 34. Ne4 Qb6 35. Qg4 Bh6 36. Qh5 Qe3 37. Qg6 Bc6 38. Nf6 Qg5 39. Qxg5 Bxg5 40. Nd7+ Bxd7 41. Rxd7 Rf1+ 42. Rd1 Rf2 43. a4 Rxg2 44. Re1 Bf6 45. Re3 Rg1+ 46. Ka2 Kc8 47. Bb3 Kd7 48. Bc2 Be7 49. Rxe5 Rxg3 50. Re2 Bd6 51. Be4 c6 52. Kb3 Kc7 53. Kc2 Rg1 54. Bd3 e5 55. b4 Kb6 56. a5+ Kc7 57. Rh2 Rg4 58. Rh7+ Kb8 59. Rh8+ Ka7 60. Re8 Rg7 61. Re6 Bc7 62. Re8 Rd7 63. Bf5 Rf7 64. Be4 Bd6 65. Re6 Rd7 66. Re8 Be7 67. Bf5 Rc7 68. Rc8 Rxc8 69. Bxc8 c5 70. Kb3 e4 71. Bf5 e3 72. Bd3 Kb8 73. Kc4 cxb4 74. cxb4 Bd8 75. Kd4 Bg5 76. b5 1/2-1/2

[Event "NOR-ch Elite 2019"]
[Site "Larvik"]
[Date "2019.07.06"]
[Round "2.9"]
[White "Christiansen, Johan-Sebastian"]
[Black "Moen, Andreas G.R."]
[Result "1-0"]
[ECO "C43"]
[WhiteElo "2548"]
[BlackElo "2322"]
[Annotator "RC"]
[PlyCount "115"]
[EventDate "2019.07.05"]
[EventType "swiss"]
[EventCountry "NOR"]
[SourceTitle "playchess.com"]
[Source "ChessBase"]
[SourceQuality "1"]
[TimeControl "40/5400+30:1800+30"]

1. e4 e5 2. Nf3 Nf6 3. d4 Nxe4 4. Bd3 d5 5. Nxe5 Nd7 6. Nxd7 Bxd7 7. O-O Bd6 8. Nc3 Nf6 9. Bg5 h6 10. Re1+ Kf8 11. Bh4 c6 12. Qf3 g5 13. Bg3 Bg4 14. Qe3 Bxg3 15. Qxg3 Qb6 16. h3 Qxb2 17. Bg6 Bh5 18. Rab1 Qa3 19. Bxh5 Nxh5 20. Qf3 Nf4 21. Rxb7 Rh7 22. Kh2 Kg8 23. Nxd5 Qxf3 24. Ne7+ Kg7 25. gxf3 Rhh8 26. c4 Rhe8 27. Re4 Rab8 28. Rb3 Rb6 29. Nf5+ Kf8 30. Nxh6 Reb8 31. Ree3 a5 32. Kg3 a4 33. Rxb6 Rxb6 34. h4 Ne6 35. Nf5 gxh4+ 36. Kxh4 Rb4 37. Rc3 c5 38. dxc5 Nxc5 39. Rc2 Nd3 40. Kg3 Ne5 41. Ne3 Nc6 42. Rd2 Ke8 43. Rd6 Nb8 44. Rd2 Rb1 45. f4 Ra1 46. f5 a3 47. Nd5 Kd7 48. Nb4+ Kc7 49. Rd3 Rc1 50. Nd5+ Kc6 51. Ne3 Nd7 52. Rxa3 Nb6 53. Ra7 Nxc4 54. Nxc4 Rxc4 55. Rxf7 Ra4 56. Re7 Rxa2 57. f6 Kd6 58. Re8 1-0